 Dungeon Crawl Stone Soup version 0.21.0-25-ge575cb9 (webtiles) character file.

10796 troglodite the Thaumaturge (level 11, -9/86 HPs)
             Began as a Gnoll Skald on Jan 23, 2018.
             Was an Initiate of Gozag.
             Mangled by an orc warrior
             ... wielding a +0 glaive
              (16 damage)
             ... on level 2 of the Orcish Mines on Jan 24, 2018.
             The game lasted 01:02:11 (13380 turns).

troglodite the Thaumaturge (Gnoll Skald)           Turns: 13380, Time: 01:02:11

Health: -9/86      AC: 14    Str: 16    XL:     11   Next: 67%
Magic:  20/23      EV: 16    Int: 18    God:    Gozag
Gold:   1318       SH:  0    Dex: 15    Spells: 15/26 levels left

rFire    . . .     SeeInvis .   I - +4 scimitar (flame)
rCold    + . .     Gourm    .   (no shield)
rNeg     . . .     Faith    .   N - +0 acid dragon scales
rPois    .         Spirit   .   o - +0 helmet
rElec    .         Reflect  .   (no cloak)
rCorr    +         Harm     .   g - +1 pair of gloves
MR       .....                  m - +2 pair of boots
Stlth    +++.......             M - amulet of rage
HPRegen  0.24/turn              x - +2 ring of intelligence
MPRegen  0.18/turn              J - ring of protection from cold

@: gold aura
A: distributed training, fangs 1, strong nose
a: Potion Petition, Call Merchant, Bribe Branch, Renounce Religion, Evoke
Berserk Rage


You were on level 2 of the Orcish Mines.
You worshipped Gozag.
Gozag was most pleased with you.
You were very hungry.

You visited 2 branches of the dungeon, and saw 12 of its levels.

You collected 2399 gold pieces.
You spent 605 gold pieces at shops.
You paid 476 gold pieces to Gozag.

Inventory:

Hand Weapons
 I - a +4 scimitar of flaming (weapon)
Armour
 g - a +1 pair of gloves (worn)
 m - a +2 pair of boots (worn)
 o - a +0 helmet (worn)
 p - a +1 hat
 t - a +3 scale mail of cold resistance
 A - a +1 ring mail of poison resistance
 N - +0 acid dragon scales (worn)
Jewellery
 k - an uncursed ring of fire
 x - a +2 ring of intelligence (left hand)
 J - a ring of protection from cold (right hand)
 L - an uncursed ring of magical power
 M - an amulet of rage (around neck)
Wands
 h - a wand of flame (18)
 y - a wand of polymorph (5)
 B - a wand of enslavement (33)
Scrolls
 a - 2 scrolls of teleportation
 f - 2 scrolls of fear
 i - 4 scrolls of magic mapping
 s - a scroll of random uselessness {unknown}
 z - 2 scrolls of amnesia {unknown}
 G - a scroll of enchant weapon {unknown}
 K - a scroll of vulnerability {unknown}
Potions
 b - 2 potions of haste
 j - a potion of ambrosia
 r - 5 potions of curing
 u - a potion of resistance {unknown}
 v - a potion of brilliance {unknown}
 w - a potion of flight {unknown}
 C - a potion of mutation {unknown}
 F - 2 potions of magic
 H - 2 potions of might
Books
 c - a book of Battle

   Spells                             Type                      Level
   a - Infusion                       Charms                       1
   b - Shroud of Golubria             Charms/Translocation         2
   c - Song of Slaying                Charms                       2
   d - Spectral Weapon                Hexes/Charms                 3
   e - Regeneration                   Charms/Necromancy            3
 n - a book of Cantrips

   Spells                             Type                      Level
   a - Confusing Touch                Hexes                        1
   b - Animate Skeleton               Necromancy                   1
   c - Summon Small Mammal            Summoning                    1
   d - Apportation                    Translocation                1
 E - a book of Geomancy

   Spells                             Type                      Level
   a - Sandblast                      Earth                        1
   b - Passwall                       Transmutation/Earth          2
   c - Stone Arrow                    Conjuration/Earth            3
   d - Petrify                        Transmutation/Earth          4
   e - Lee's Rapid Deconstruction     Earth                        5
 O - a book of Misfortune

   Spells                             Type                      Level
   a - Confusing Touch                Hexes                        1
   b - Confuse                        Hexes                        3
   c - Gell's Gravitas                Translocation                3
   d - Petrify                        Transmutation/Earth          4
   e - Metabolic Englaciation         Hexes/Ice                    5
   f - Yara's Violent Unravelling     Hexes/Transmutation          5
Comestibles
 d - 13 rations


   Skills:
 + Level 8.0 Fighting
 + Level 6.4 Short Blades
 + Level 8.0 Long Blades
 + Level 6.4 Axes
 + Level 6.4 Maces & Flails
 + Level 6.4 Polearms
 + Level 6.4 Staves
 + Level 6.4 Slings
 + Level 6.4 Bows
 + Level 6.4 Crossbows
 + Level 6.4 Throwing
 + Level 7.0 Armour
 + Level 8.0 Dodging
 + Level 6.4 Stealth
 + Level 6.4 Shields
 + Level 6.4 Unarmed Combat
 + Level 8.2 Spellcasting
 + Level 5.3 Conjurations
 + Level 5.3 Hexes
 + Level 7.7 Charms
 + Level 5.3 Summonings
 + Level 5.3 Necromancy
 + Level 5.3 Translocations
 + Level 5.3 Transmutations
 + Level 5.3 Fire Magic
 + Level 5.3 Ice Magic
 + Level 5.3 Air Magic
 + Level 5.3 Earth Magic
 + Level 5.3 Poison Magic
 + Level 7.0 Invocations
 + Level 6.4 Evocations


You had 15 spell levels left.
You knew the following spells:

 Your Spells              Type           Power        Failure   Level  Hunger
a - Infusion              Chrm           ####         1%          1    None
b - Spectral Weapon       Hex/Chrm       ####....     2%          3    #......
c - Regeneration          Chrm/Necr      ####......   2%          3    #......
d - Summon Small Mammal   Summ           ####         1%          1    None
e - Stone Arrow           Conj/Erth      ####..       4%          3    #......


Dungeon Overview and Level Annotations

Branches:
Dungeon (10/15)            Temple (0/1) D:5             Orc (2/2) D:9
    Elf (0/3) Orc:2
   Lair: D:8-11

Altars:
Dithmenos
Fedhas
Gozag
Nemelex Xobeh
Ru
Vehumet
Yredelemnul
Beogh

Shops:
Orc:2 }?


Innate Abilities, Weirdness & Mutations

Your experience applies equally to all skills.
You have very sharp teeth.
Your uncanny sense of smell can sniff out nearby items.


Message History

The orc warrior hits you with a glaive.
* * * LOW HITPOINT WARNING * * *
You closely miss the orc warrior. Your bite misses the orc warrior.
The orc warrior is heavily wounded.
The orc warrior hits you with a glaive!
* * * LOW HITPOINT WARNING * * *
You feel much better.
You barely miss the orc warrior.
The orc warrior is heavily wounded.
The orc warrior hits you with a glaive!
* * * LOW HITPOINT WARNING * * *
Casting: Spectral Weapon
Confirm with . or Enter, or press ? or * to list all spells.
You draw out your weapon's spirit!
The orc warrior hits you with a glaive!
* * * LOW HITPOINT WARNING * * *
You closely miss the orc warrior.
The orc warrior is heavily wounded.
The orc warrior hits you with a glaive!
You die...
Your body crumbles into a pile of gold.

#........#........##.#
#....#...#...........#
#.#.#................
#####...................
#.......................
#..#####.....<..........
#.##...##.#............)
#.#...$.#...............
#.#._8(@#...............
#.#...o.'.......#..#....
#.##...##...........#...
#..#####................
#.........#..#..........
###..................#..
###........#####......
##.#.....##...##...#.
#.......##.....##....


You could see an orc warrior and a friendly spectral scimitar of flaming.

Vanquished Creatures
  The ghost of Thaneod the Magician, a journeyman GnFE of Vehumet (D:9)
  Erica (D:8)
  2 two-headed ogres (D:10)
  Pikel (D:7)
  A gargoyle (D:10)
  4 trolls
  A vampire (D:10)
  Grum (D:10)
  A steam dragon (D:10)
  Menkaure (D:7)
  Edmund (D:4)
  2 wargs (Orc:2)
  The ghost of Tovarisch the Grave Robber, an amateur DENe (D:4)
  18 orc warriors
  2 black bears (D:6)
  3 ice beasts
  3 sky beasts
  4 wolves (D:10)
  3 ogres
  2 centaurs
  A big kobold (D:7)
  5 bullfrogs
  A wyvern skeleton (D:6)
  2 howler monkeys
  2 crimson imps
  6 hounds
  2 jellies (D:9)
  A quasit (D:8)
  A bullfrog zombie (D:8)
  18 orc wizards
  A bullfrog skeleton (D:6)
  13 orc priests
  3 centaur skeletons
  An iguana (D:8)
  Terence (D:3)
  3 worker ants
  6 adders
  7 gnolls (D:6)
  4 shadow imps
  An adder zombie (D:8)
  2 worms
  3 dart slugs
  3 leopard geckos
  76 orcs
  4 giant cockroaches (D:1)
  12 goblins
  8 hobgoblins
  16 jackals
  6 quokkas
  3 ball pythons
  6 bats
  5 frilled lizards
  A jackal zombie (D:5)
  14 kobolds
  7 rats
298 creatures vanquished.

Vanquished Creatures (others)
  A bullfrog (D:7)
  A spectral weapon (Orc:2)
2 creatures vanquished.

Grand Total: 300 creatures vanquished

Notes
Turn   | Place    | Note
-------+----------+-------------------------------------------
     0 | D:1      | troglodite the Gnoll Skald began the quest for the Orb.
     0 | D:1      | Reached XP level 1. HP: 20/20 MP: 6/6
   461 | D:1      | Reached XP level 2. HP: 26/26 MP: 7/7
   796 | D:1      | Reached XP level 3. HP: 21/31 MP: 9/9
   803 | D:1      | Learned a level 3 spell: Spectral Weapon
   807 | D:1      | Learned a level 3 spell: Regeneration
   916 | D:2      | Reached skill level 5 in Spellcasting
  1085 | D:2      | Found a sparkling altar of Nemelex Xobeh.
  1135 | D:2      | Reached skill level 1 in Invocations
  1598 | D:2      | Reached skill level 1 in Short Blades
  1598 | D:2      | Reached skill level 1 in Axes
  1598 | D:2      | Reached skill level 1 in Maces & Flails
  1598 | D:2      | Reached skill level 1 in Polearms
  1598 | D:2      | Reached skill level 1 in Staves
  1598 | D:2      | Reached skill level 1 in Slings
  1598 | D:2      | Reached skill level 1 in Bows
  1598 | D:2      | Reached skill level 1 in Crossbows
  1598 | D:2      | Reached skill level 1 in Throwing
  1598 | D:2      | Reached skill level 1 in Stealth
  1598 | D:2      | Reached skill level 1 in Shields
  1598 | D:2      | Reached skill level 1 in Unarmed Combat
  1598 | D:2      | Reached skill level 1 in Evocations
  1598 | D:2      | Reached XP level 4. HP: 29/38 MP: 11/11
  1989 | D:3      | Noticed Terence
  2025 | D:3      | Killed Terence
  2244 | D:3      | Reached skill level 1 in Conjurations
  2244 | D:3      | Reached skill level 1 in Hexes
  2244 | D:3      | Reached skill level 1 in Summonings
  2244 | D:3      | Reached skill level 1 in Necromancy
  2244 | D:3      | Reached skill level 1 in Translocations
  2244 | D:3      | Reached skill level 1 in Transmutations
  2244 | D:3      | Reached skill level 1 in Fire Magic
  2244 | D:3      | Reached skill level 1 in Ice Magic
  2244 | D:3      | Reached skill level 1 in Air Magic
  2244 | D:3      | Reached skill level 1 in Earth Magic
  2244 | D:3      | Reached skill level 1 in Poison Magic
  2354 | D:3      | Learned a level 1 spell: Summon Small Mammal
  2400 | D:3      | Reached XP level 5. HP: 42/43 MP: 6/12
  3472 | D:4      | Noticed Edmund
  3491 | D:4      | Killed Edmund
  3491 | D:4      | Reached XP level 6. HP: 50/50 MP: 12/14
  3553 | D:4      | Found a blossoming altar of Fedhas.
  3554 | D:4      | Found a basalt altar of Yredelemnul.
  3584 | D:4      | Found an opulent altar of Gozag.
  3596 | D:4      | Became a worshipper of Gozag Ym Sagoz the Greedy
  3679 | D:4      | Reached skill level 5 in Fighting
  3679 | D:4      | Reached skill level 5 in Long Blades
  3679 | D:4      | Reached skill level 5 in Dodging
  3759 | D:4      | Noticed Tovarisch's ghost (amateur DENe)
  3773 | D:4      | Killed Tovarisch's ghost
  3773 | D:4      | Reached XP level 7. HP: 55/56 MP: 9/15
  4038 | D:5      | Entered Level 5 of the Dungeon
  4065 | D:5      | Learned a level 3 spell: Stone Arrow
  4073 | D:5      | Found a sacrificial altar of Ru.
  4776 | D:5      | Found a staircase to the Ecumenical Temple.
  5065 | D:6      | Reached XP level 8. HP: 46/63 MP: 13/16
  6205 | D:7      | Reached XP level 9. HP: 33/69 MP: 15/18
  6359 | D:7      | Found a shadowy altar of Dithmenos.
  6646 | D:7      | Noticed Menkaure
  6697 | D:7      | Bought a ration for 55 gold pieces
  6697 | D:7      | Bought a ration for 55 gold pieces
  6697 | D:7      | Bought a ration for 55 gold pieces
  6697 | D:7      | Bought a ration for 55 gold pieces
  6697 | D:7      | Bought a ration for 55 gold pieces
  6697 | D:7      | Bought a ration for 55 gold pieces
  6697 | D:7      | Bought a ration for 55 gold pieces
  6731 | D:7      | Noticed Pikel
  6744 | D:7      | Killed Pikel
  6744 | D:7      | Reached skill level 5 in Armour
  7352 | D:7      | Killed Menkaure
  7882 | D:8      | Noticed Erica
  8244 | D:8      | Reached skill level 5 in Invocations
  8356 | D:8      | Killed Erica
  8356 | D:8      | Reached XP level 10. HP: 57/77 MP: 17/20
  8678 | D:8      | Reached skill level 5 in Short Blades
  8678 | D:8      | Reached skill level 5 in Axes
  8678 | D:8      | Reached skill level 5 in Maces & Flails
  8678 | D:8      | Reached skill level 5 in Polearms
  8678 | D:8      | Reached skill level 5 in Staves
  8678 | D:8      | Reached skill level 5 in Slings
  8678 | D:8      | Reached skill level 5 in Bows
  8678 | D:8      | Reached skill level 5 in Crossbows
  8678 | D:8      | Reached skill level 5 in Throwing
  8678 | D:8      | Reached skill level 5 in Stealth
  8678 | D:8      | Reached skill level 5 in Shields
  8678 | D:8      | Reached skill level 5 in Unarmed Combat
  8678 | D:8      | Reached skill level 5 in Evocations
  9014 | D:9      | Noticed Thaneod's ghost (journeyman GnFE)
  9035 | D:9      | Killed Thaneod's ghost
  9250 | D:9      | Found a staircase to the Orcish Mines.
  9503 | D:9      | Found a radiant altar of Vehumet.
 10149 | D:10     | Entered Level 10 of the Dungeon
 10220 | D:10     | Noticed Grum
 10232 | D:10     | Killed Grum
 10258 | D:10     | Noticed a two-headed ogre
 10267 | D:10     | Killed a two-headed ogre
 10267 | D:10     | Reached XP level 11. HP: 44/84 MP: 10/22
 10452 | D:10     | Noticed a two-headed ogre
 10460 | D:10     | Killed a two-headed ogre
 10822 | D:10     | Got a crude robe
 10833 | D:10     | Identified the cursed +0 robe of Xugigiga {*Corrode Int+6 Stlth+} (You took it off a vampire on level 10 of the Dungeon)
 10997 | D:10     | Reached skill level 5 in Conjurations
 10997 | D:10     | Reached skill level 5 in Hexes
 10997 | D:10     | Reached skill level 5 in Summonings
 10997 | D:10     | Reached skill level 5 in Necromancy
 10997 | D:10     | Reached skill level 5 in Translocations
 10997 | D:10     | Reached skill level 5 in Transmutations
 10997 | D:10     | Reached skill level 5 in Fire Magic
 10997 | D:10     | Reached skill level 5 in Ice Magic
 10997 | D:10     | Reached skill level 5 in Air Magic
 10997 | D:10     | Reached skill level 5 in Earth Magic
 10997 | D:10     | Reached skill level 5 in Poison Magic
 11297 | Orc:1    | Entered Level 1 of the Orcish Mines
 11715 | Orc:2    | Entered Level 2 of the Orcish Mines
 11715 | Orc:2    | Found a staircase to the Elven Halls.
 11770 | Orc:2    | Found a roughly hewn altar of Beogh.
 12134 | Orc:2    | Found a roughly hewn altar of Beogh.
 12135 | Orc:2    | Found Nicvot's Magic Scroll Shop.
 12244 | Orc:2    | Found a roughly hewn altar of Beogh.
 12644 | D:7      | Bought a ration for 55 gold pieces
 12644 | D:7      | Bought a ration for 55 gold pieces
 12644 | D:7      | Bought a ration for 55 gold pieces
 12644 | D:7      | Bought a ration for 55 gold pieces
 13032 | Orc:2    | Found a roughly hewn altar of Beogh.
 13065 | Orc:2    | Found Olaekk's Gadget Shop.
 13364 | Orc:2    | Found a roughly hewn altar of Beogh.
 13376 | Orc:2    | HP: 2/86 [orc warrior/glaive (14)]
 13380 | Orc:2    | Mangled by an orc warrior

Skill      XL: |  1  2  3  4  5  6  7  8  9 10 11 |
---------------+----------------------------------+-----
Spellcasting   | 5 6 7 8 |  8.2
Invocations    | 1 2 3 4 5 6 7 |  7.0
Short Blades   | 1 2 3 4 5 6 |  6.4
Axes           | 1 2 3 4 5 6 |  6.4
Maces & Flails | 1 2 3 4 5 6 |  6.4
Polearms       | 1 2 3 4 5 6 |  6.4
Staves         | 1 2 3 4 5 6 |  6.4
Slings         | 1 2 3 4 5 6 |  6.4
Bows           | 1 2 3 4 5 6 |  6.4
Crossbows      | 1 2 3 4 5 6 |  6.4
Throwing       | 1 2 3 4 5 6 |  6.4
Stealth        | 1 2 3 4 5 6 |  6.4
Shields        | 1 2 3 4 5 6 |  6.4
Unarmed Combat | 1 2 3 4 5 6 |  6.4
Evocations     | 1 2 3 4 5 6 |  6.4
Conjurations   | 1 2 3 4 5 |  5.3
Hexes          | 1 2 3 4 5 |  5.3
Summonings     | 1 2 3 4 5 |  5.3
Necromancy     | 1 2 3 4 5 |  5.3
Translocations | 1 2 3 4 5 |  5.3
Transmutations | 1 2 3 4 5 |  5.3
Fire Magic     | 1 2 3 4 5 |  5.3
Ice Magic      | 1 2 3 4 5 |  5.3
Air Magic      | 1 2 3 4 5 |  5.3
Earth Magic    | 1 2 3 4 5 |  5.3
Poison Magic   | 1 2 3 4 5 |  5.3
Armour         | 3 4 5 6 7 |  7.0
Fighting       | 5 6 7 8 |  8.0
Long Blades    | 5 6 7 8 |  8.0
Dodging        | 5 6 7 8 |  8.0
Charms         | 6 7 |  7.7

Action                   |  1- 3 |  4- 6 |  7- 9 | 10-12 || total
-------------------------+-------+-------+-------+-------++-------
Melee: Falchion          |   117 |   224 |   123 |       ||   464
       Bite              |    16 |    32 |    51 |    39 ||   138
       Punch             |       |       |    13 |     9 ||    22
       Whip              |       |       |   286 |    10 ||   296
       Scimitar          |       |       |       |   273 ||   273
 Cast: Spectral Weapon   |       |     8 |    15 |    20 ||    43
       Stone Arrow       |       |       |     8 |     9 ||    17
       Regeneration      |       |       |     2 |       ||     2
       Summon Small Mamm |       |       |     1 |       ||     1
Invok: Call Merchant     |       |       |     1 |       ||     1
 Abil: Evoke Berserk Rag |       |       |       |     1 ||     1
  Use: Scroll            |     1 |     3 |     5 |     8 ||    17
       Potion            |       |       |     1 |     1 ||     2
 Stab: Distracted        |       |     1 |     1 |     4 ||     6
       Invisible         |       |       |     1 |       ||     1
       Paralysed         |       |       |     1 |       ||     1
       Sleeping          |       |       |     1 |     4 ||     5
  Eat: Chunk             |     2 |     3 |       |       ||     5
       Ration            |       |     1 |     5 |     5 ||    11
Armor: Leather armour    |     4 |       |       |       ||     4
       Ring mail         |    48 |    28 |   187 |    28 ||   291
       Scale mail        |       |   113 |       |       ||   113
       Skin              |       |     7 |       |       ||     7
       Acid dragon scale |       |       |       |    52 ||    52
Dodge: Dodged            |    78 |   160 |   319 |   206 ||   763
       Rpst.: Falchion   |    16 |    44 |    30 |       ||    90
       Scimitar          |       |       |       |    52 ||    52
